 Dungeon Crawl Stone Soup version 0.21.0-3-g78d12a8 (webtiles) character file.

1358 theanonym the Skirmisher (level 8, 0/88 HPs)
             Began as an Ogre Enchanter on Jan 17, 2018.
             Was a Believer of Zin.
             Slain by a phantom (7 damage)
             ... on level 6 of the Dungeon.
             The game lasted 00:18:33 (8481 turns).

theanonym the Skirmisher (Ogre Enchanter)           Turns: 8481, Time: 00:18:33

Health: 0/88       AC:  4    Str: 15    XL:     8   Next: 64%
Magic:  6/11       EV: 10    Int: 16    God:    Zin [**....]
Gold:   364        SH:  0    Dex:  9    Spells: 4/11 levels left

rFire    + . .     SeeInvis .   a - +0 war axe
rCold    . . .     Gourm    .   (no shield)
rNeg     . . .     Faith    .   d - +1 robe {0}
rPois    +         Spirit   .   (helmet restricted)
rElec    .         Reflect  .   (no cloak)
rCorr    .         Harm     .   (gloves unavailable)
MR       .....                  (boots unavailable)
Stlth    ++........             (no amulet)
HPRegen  0.24/turn              n - ring of poison resistance {rPoisrPois}
MPRegen  0.12/turn              (no ring)

@: very slightly contaminated
A: large, unfitting armour, fire resistance 1, sense surroundings 1, tough skin
1
a: Recite, Vitalisation, Donate Gold, Renounce Religion


Innate Abilities, Weirdness & Mutations

You are too large for most types of armour.
You have tough skin. (AC +1)
Your flesh is heat resistant. (rF+)
You passively map a small area around you.


   Skills:
 + Level 7.7 Fighting
   Level 0.8 Short Blades
 * Level 6.8(7.1) Axes
   Level 2.7(4.8) Maces & Flails
 - Level 1.7 Dodging
 - Level 2.1 Stealth
 - Level 2.4 Spellcasting
 - Level 2.6 Hexes
 + Level 3.2 Invocations


You had 4 spell levels left.
You knew the following spells:

 Your Spells              Type           Power        Failure   Level  Hunger
a - Corona                Hex            ##.....      7%          1    #......
b - Tukima's Dance        Hex            ##......     21%         3    ###....
c - Confuse               Hex            ##......     21%         3    ###....

Skill      XL: |  1  2  3  4  5  6  7  8 |
---------------+-------------------------+-----
Fighting       | 2 3 4 6 7 |  7.7
Maces & Flails | 1 2 |  2.7
Axes           | 2 4 5 6 |  6.8
Invocations    | 1 3 |  3.2
Short Blades   | |  0.8
Dodging        | |  1.7
Stealth        | |  2.1
Spellcasting   | |  2.4
Hexes          | |  2.6

Action                   |  1- 3 |  4- 6 |  7- 9 || total
-------------------------+-------+-------+-------++-------
Melee: Dagger            |    74 |       |       ||    74
       Club              |   149 |    53 |       ||   202
       Hand axe          |       |    40 |       ||    40
       War axe           |       |    83 |   185 ||   268
 Fire: Hunting sling     |       |       |     3 ||     3
 Cast: Corona            |     3 |     7 |     4 ||    14
       Confuse           |       |    16 |    11 ||    27
Invok: Vitalisation      |       |       |     3 ||     3
       Recite            |       |       |     3 ||     3
  Use: Scroll            |       |    10 |     4 ||    14
       Potion            |       |     8 |     1 ||     9
 Stab: Sleeping          |     4 |       |     4 ||     8
       Confused          |       |       |     4 ||     4
       Invisible         |       |       |     1 ||     1
  Eat: Chunk             |     4 |     9 |     2 ||    15
       Ration            |     1 |     1 |     2 ||     4
Armor: Robe              |    99 |    37 |    45 ||   181
Dodge: Dodged            |   170 |    81 |    97 ||   348

Inventory:

Hand Weapons
 a - a +0 war axe (weapon)
   (You took it off an orc on level 4 of the Dungeon)
 b - a +1 hunting sling of freezing
   (You acquired it on level 5 of the Dungeon)
 g - a +0 hand axe
   (You took it off an orc on level 3 of the Dungeon)
Missiles
 j - 23 sling bullets
Armour
 d - a +1 robe (worn) {0}
Jewellery
 n - a ring of poison resistance (left hand) {rPoisrPois}
   (You found it on level 1 of the Dungeon)
Scrolls
 f - a scroll of enchant armour
 l - 2 scrolls of amnesia
 m - 2 scrolls of remove curse
 o - a scroll of random uselessness {unknown}
 t - a scroll of teleportation {!r}
Potions
 h - a potion of ambrosia
 i - a potion of brilliance
 k - 2 potions of mutation
 p - a potion of degeneration {unknown}
 q - 2 potions of heal wounds
 w - 2 potions of curing
Books
 c - a book of Maledictions
Comestibles
 e - 4 rations


You were on level 6 of the Dungeon.
You worshipped Zin.
Zin was pleased with you.
You were hungry.

You visited 2 branches of the dungeon, and saw 7 of its levels.
You also visited: Sewer.

You collected 404 gold pieces.
You donated 40 gold pieces to Zin.

Dungeon Overview and Level Annotations

Branches:
Dungeon (6/15)             Temple (1/1) D:5

Altars:
Fedhas
Makhleb
Nemelex Xobeh
Qazlal
Ru
Sif Muna
Wu Jian
Zin
The Shining One

Annotations:
D:3 2 transporters

........#*,#.#,*,*+,**,****,,≈,≈≈
....>...#*,#.#,,,,,,,*,,,,,,,,,,,
###+#+#....#.#.,,,,,,*,*,,,,*,**,
#.#.######.#.,,,,,,*....,,,,,,,
##.#........#.,,,,,,,.≈..,,⌠,,,,
#...W.§....##.#+#+#,..≈≈≈,,,,*,*
##..#######.##.#.#.#,..≈≈≈,,,**,*
....# #.##.#Y#.#...≈≈≈,,,**,,
....# #.##.#@#.#...≈≈≈≈≈,,*,*
....#######.#....W........,,≈,*,*
............##.#<#.#..⌠..,,,_,*,*
...#######..##.#.#.#,,..#*,,,,*,*
#..........§##.#.#.#,,,*#******,,
#.#.#.###...##.#.#Y#*,,,,,,,,,,,,
........#...##.#.#.#,,,,,,,,,**,,
*,*.#.......##.#.#.#,****,**,,,,*
*,*........Y##.#.#W#,* *,**,****


You could see a phantom and an ice beast.

Notes
Turn   | Place    | Note
-------+----------+-------------------------------------------
     0 | D:1      | theanonym the Ogre Enchanter began the quest for the Orb.
     0 | D:1      | Reached XP level 1. HP: 16/16 MP: 3/3
    43 | D:1      | HP: 8/16 [giant cockroach (1)]
   212 | D:1      | Reached skill level 1 in Fighting
   406 | D:1      | Reached skill level 2 in Fighting
   406 | D:1      | Reached XP level 2. HP: 24/28 MP: 5/5
   490 | D:1      | Reached skill level 3 in Fighting
   800 | D:1      | Reached XP level 3. HP: 37/37 MP: 6/6
  1134 | D:1      | HP: 18/37 [leopard gecko (3)]
  1141 | D:1      | HP: 14/37 [leopard gecko (5)]
  1148 | D:1      | HP: 8/37 [bat (1)]
  1154 | D:1      | HP: 8/37 [bat (1)]
  1165 | D:1      | HP: 7/37 [bat (1)]
  1610 | D:2      | Reached skill level 1 in Maces & Flails
  1878 | D:2      | HP: 17/37 [quokka (4)]
  2056 | D:2      | Learned a level 3 spell: Confuse
  2143 | D:2      | Found a glowing golden altar of the Shining One.
  2152 | D:2      | Became a worshipper of the Shining One
  2181 | D:2      | HP: 18/37 [adder (2)]
  2185 | D:2      | HP: 8/37 [poisoned by an adder]
  2191 | D:2      | HP: 5/37 [poisoned by an adder]
  2196 | D:2      | HP: 3/37 [poisoned by an adder]
  2203 | D:2      | HP: 2/37 [poisoned by an adder]
  2211 | D:2      | HP: 1/37 [poisoned by an adder]
  3122 | D:3      | Reached XP level 4. HP: 44/46 MP: 5/7
  3382 | D:3      | Found a sparkling altar of Nemelex Xobeh.
  3447 | D:3      | Found a transporter.
  3502 | D:3      | HP: 18/48 [orc/hand axe (7)]
  3507 | D:3      | Reached skill level 2 in Maces & Flails
  3508 | D:3      | HP: 25/72 [orc/hand axe (3)]
  3513 | D:3      | Reached skill level 4 in Fighting
  3513 | D:3      | Reached XP level 5. HP: 24/54 MP: 3/8
  3513 | D:3      | HP: 22/81 [orc/hand axe (2)]
  3520 | D:3      | HP: 16/81 [orc (2)]
  3951 | D:3      | Found a transporter.
  4276 | D:4      | HP: 27/55 [jackal (1)]
  4278 | D:4      | Reached skill level 1 in Axes
  4283 | D:4      | HP: 25/55 [orc priest/dagger (3)]
  4288 | D:4      | HP: 14/55 [orc/dagger (2)]
  4298 | D:4      | Reached skill level 2 in Axes
  4609 | D:3      | Learned a level 3 spell: Tukima's Dance
  4735 | D:4      | Reached XP level 6. HP: 65/65 MP: 2/9
  4740 | D:4      | HP: 32/65 [iguana (14)]
  4741 | D:4      | Reached skill level 5 in Fighting
  5078 | D:4      | Reached skill level 3 in Axes
  5224 | D:4      | Noticed a phantom
  5258 | D:4      | HP: 28/66 [phantom (7)]
  5260 | D:4      | Gained mutation: Your flesh is heat resistant. (rF+) [potion of mutation]
  5260 | D:4      | Gained mutation: You passively map a small area around you. [potion of mutation]
  5264 | D:4      | HP: 18/66 [phantom (1)]
  5272 | D:4      | Killed a phantom
  5272 | D:4      | Reached * piety under the Shining One
  5718 | D:5      | Entered Level 5 of the Dungeon
  5724 | D:5      | Noticed Menkaure
  5734 | D:5      | HP: 13/66 [Menkaure (21)]
  5735 | D:5      | HP: 3/66 [Menkaure (11)]
  5738 | D:5      | Killed Menkaure
  5738 | D:5      | Reached skill level 6 in Fighting
  5738 | D:5      | Reached skill level 4 in Axes
  5738 | D:5      | Reached XP level 7. HP: 27/75 MP: 1/10
  6002 | D:5      | Found a sacrificial altar of Ru.
  6166 | D:5      | Found an ornate altar of the Wu Jian Council.
  6369 | D:5      | Found a blossoming altar of Fedhas.
  6585 | D:5      | Found a staircase to the Ecumenical Temple.
  6591 | Temple   | Entered the Ecumenical Temple
  6661 | Temple   | Fell from the grace of the Shining One
  6661 | Temple   | Became a worshipper of Zin the Law-Giver
  6661 | Temple   | Reached * piety under Zin
  6733 | D:5      | Reached skill level 5 in Axes
  6815 | D:5      | Reached ** piety under Zin
  6848 | D:5      | Noticed Duvessa
  6851 | D:5      | Identified a scroll of acquirement
  6877 | D:5      | HP: 33/76 [Duvessa/short sword (7)]
  6881 | D:5      | Killed Duvessa
  6881 | D:5      | Reached skill level 1 in Invocations
  6908 | D:5      | Noticed Dowan
  6913 | D:5      | HP: 38/76 [Dowan/dagger (1)]
  6914 | D:5      | Killed Dowan
  7217 | D:6      | Reached XP level 8. HP: 84/84 MP: 11/11
  7270 | D:6      | Reached skill level 2 in Invocations
  7299 | D:6      | Reached skill level 7 in Fighting
  7324 | D:6      | HP: 41/87 [river rat (7)]
  7334 | D:6      | Found a glowing drain.
  7541 | Sewer    | Entered a sewer
  7596 | Sewer    | Noticed Purgy
  7622 | Sewer    | Killed Purgy
  7622 | Sewer    | Reached skill level 6 in Axes
  8117 | D:6      | Reached skill level 3 in Invocations
  8167 | D:6      | HP: 39/87 [phantom (8)]
  8172 | D:6      | HP: 33/88 [something (3)]
  8177 | D:6      | HP: 30/88 [phantom (3)]
  8188 | D:6      | HP: 24/88 [phantom (2)]
  8470 | D:6      | HP: 39/88 [ice beast (9)]
  8478 | D:6      | HP: 40/88 [ice beast (1)]
  8481 | D:6      | HP: 19/88 [ice beast (5)]
  8481 | D:6      | HP: 7/88 [ice beast (12)]
  8481 | D:6      | Slain by a phantom

Vanquished Creatures
  Menkaure (D:5)
  Duvessa (D:5)
  Purgy (Sewer)
  A phantom (D:4)
  A necrophage (D:6)
  A centaur (D:6)
  A bullfrog (D:6)
  Dowan (D:5)
  A bullfrog zombie (D:6)
  A centaur zombie (D:5)
  A crimson imp (D:5)
  A hound (D:5)
  A bullfrog skeleton (D:6)
  2 orc priests
  3 orc wizards
  A centaur skeleton (D:6)
  An iguana (D:4)
  4 worker ants
  A hound skeleton (D:6)
  A howler monkey skeleton (D:6)
  4 river rats (D:6)
  5 adders
  A shadow imp (D:5)
  A dart slug (D:1)
  3 leopard geckos
  16 orcs
  7 bats
  11 giant cockroaches
  10 goblins
  5 hobgoblins
  6 jackals
  6 kobolds
  4 quokkas
  A ball python (D:4)
  3 frilled lizards
  A quokka zombie (D:5)
  7 rats
117 creatures vanquished.

Table legend:
 A = Turns spent in this place as a percentage of turns spent in the entire game.
 B = Non-inter-level travel turns spent in this place as a percentage of non-inter-level travel turns spent in the entire game.
 C = Inter-level travel turns spent in this place as a percentage of turns spent in this place.
 D = Turns resting spent in this place as a percentage of non-inter-level travel turns spent in this place.
 E = Turns spent auto-exploring this place as a percentage of non-inter-level travel turns spent in this place.
 F = Non-inter-level travel turns spent in this place divided by the number of levels of this place that you've seen.
                   A       B       C       D       E      F
               +-------+-------+-------+-------+-------+----------------------
         Total | 100.0 | 100.0 |   2.8 |  48.7 |  34.4 | 1030.0
       Dungeon |  95.1 |  95.5 |   2.4 |  49.3 |  34.1 | 1311.8
        Temple |   1.4 |   0.9 |  40.5 |   0.0 |  81.9 |  72.0
         Sewer |   3.5 |   3.6 |   0.0 |  44.1 |  31.3 | 297.0
               +-------+-------+-------+-------+-------+----------------------
